 Dungeon Crawl Stone Soup version 0.24-a0-517-gd52e2fb918 (webtiles) character file.

Game seed: 9622839027375855976

162 Goblin1989 the Chopper (level 5, -2/36 HPs)
             Began as a Demonspawn Chaos Knight on July 23, 2019.
             Was a Plaything of Xom.
             Killed by divine providence
             ... invoked by an orc priest
              (13 damage)
             ... on level 3 of the Dungeon.
             The game lasted 00:06:12 (2765 turns).

Goblin1989 the Chopper (Demonspawn Chaos Knight)    Turns: 2765, Time: 00:06:13

Health: -2/36      AC:  6    Str: 13    XL:     5   Next: 19%
Magic:  5/5        EV: 11    Int: 14    God:    Xom [.*....]
Gold:   155        SH:  0    Dex: 12    Spells: 4/4 levels left

rFire    . . .     SeeInvis .     - Unarmed
rCold    + . .     Gourm    .   (no shield)
rNeg     . . .     Faith    .   b - +2 leather armour
rPois    .         Spirit   .   (no helmet)
rElec    .         Reflect  .   (no cloak)
rCorr    .         Harm     .   (no gloves)
MR       .....                  (no boots)
Stlth    +.........             (no amulet)
HPRegen  0.12/turn              (no ring)
MPRegen  0.09/turn              (no ring)

@: no status effects
A: claws 2, hooves 1, cold resistance 1, frail 1, shaggy fur 1
a: Renounce Religion


You were on level 3 of the Dungeon.
You worshipped Xom.
You were a plaything of Xom.
You were not hungry.

You visited 1 branch of the dungeon, and saw 3 of its levels.

You collected 155 gold pieces.

Inventory:

Hand Weapons
 s - a +0 hunting sling
Missiles
 r - 81 stones (quivered) {@Q3}
Armour
 b - a +2 leather armour (worn)
 u - a +2 robe of fire resistance
Jewellery
 v - an uncursed amulet of the gourmand {unknown}
Wands
 y - a wand of acid (7) {@v2}
Scrolls
 g - 2 scrolls of enchant weapon {unknown}
 h - 2 scrolls of remove curse {unknown}
 i - a scroll of random uselessness {unknown}
 m - a scroll of enchant armour {unknown}
 n - a scroll of magic mapping {unknown}
 o - 3 scrolls of identify {unknown}
 q - a scroll of amnesia {unknown}
Potions
 j - a potion of ambrosia {unknown}
 k - a potion of heal wounds {unknown}
 p - 2 potions of brilliance {unknown}
 w - a potion of might {unknown}
 x - a potion of haste {unknown}
Comestibles
 e - 3 rations
 z - a chunk of flesh


   Skills:
 + Level 3.0 Fighting
   Level 7.4 Axes
 - Level 1.7 Armour
 - Level 0.8 Dodging
 * Level 2.3 Unarmed Combat


You had 4 spell levels left.
You didn't know any spells.
Your spell library contained the following spells:

 Spells                   Type           Power        Failure   Level  Hunger
 Petrify                  Tmut/Erth      #.......     98%         4    #####..
 Summon Lightning Spire   Summ/Air       #.......     98%         4    #####..
 Aura of Abjuration       Summ           #.........   100%        5    ######.
 Malign Gateway           Summ/Tloc      #.........   100%        7    #######
 Dragon's Call            Summ           #.........   100%        9    #######


Dungeon Overview and Level Annotations

Branches:
Dungeon (3/15)

Altars:
Ru
Uskayaw
Xom
The Shining One


Innate Abilities, Weirdness & Mutations

You have very sharp fingernails.
Your flesh is cold resistant. (rC+)
You have large cloven feet.
You are frail. (-10% HP)
You are covered in fur. (AC +1)


Message History

Beogh smites you!
You take 9 damage, and have 27/36 hp.
MASSIVE DAMAGE!!
There are monsters nearby!
There are monsters nearby!
There is an open door here. "Where it stops, nobody knows!"
Your surroundings suddenly seem different.
Your surroundings suddenly seem different.
Your surroundings suddenly seem different.
Your surroundings suddenly seem different.
Your surroundings suddenly seem different.
Some of the chunks of flesh in your inventory have rotted away.
Found a stone staircase leading up.
Health restored: 36 Unknown command.
Found an escape hatch in the floor.
There is a stone staircase leading up here.
There is an escape hatch in the floor here.
There is an escape hatch in the floor here.
A bat comes into view.
The bat barely misses you.
A bat is nearby!
You closely miss the bat. The bat barely misses you.
The bat hits you but does no damage.
You scratch the bat.
You kill the bat!
No target in view!
No target in view!
No target in view!
No target in view!
No target in view!
No target in view!
No target in view!
No target in view!
No target in view!
No target in view!
No target in view!
No target in view!
No target in view!
No target in view!
No target in view!
There is a stone staircase leading up here.
You now have 155 gold pieces (gained 11).
Found an escape hatch in the ceiling.
There is an escape hatch in the ceiling here.
Eating one of 2 chunks of flesh.
You eat one of the 2 chunks of flesh.
This raw flesh tastes terrible.
The orc shouts!
The orc is too close now for your liking.
An orc is nearby!
There is an open door here.
You barely miss the orc. You kick the orc.
The orc is moderately wounded.
The orc hits you but does no damage.
The orc shouts!
You scratch the orc.
You kill the orc!
You hear a shout!
Things that are here:
a +0 whip; an orc corpse You completely miss the orc.
You kick the orc, but do no damage. The orc closely misses you.
You claw the orc! Your kick misses the orc.
The orc is almost dead.
The orc hits you with a +0 flail.
You take 4 damage, and have 32/36 hp.
You closely miss the orc. Your kick misses the orc.
The orc is almost dead.
The orc hits you but does no damage.
You scratch the orc but do no damage. You kick the orc, but do no damage.
The orc is almost dead.
The orc hits you but does no damage.
You barely miss the orc. You kick the orc, but do no damage.
The orc is almost dead.
The orc priest casts a cantrip, but nothing happens.
The orc misses you.
You scratch the orc.
You kill the orc!
The orc priest hits you with a +4 hand axe!
You take 8 damage, and have 24/36 hp.
MASSIVE DAMAGE!!
You scratch the orc priest.
The orc priest is lightly wounded.
The orc priest casts a cantrip, but nothing happens.
You scratch the orc priest.
The orc priest is moderately wounded.
The orc priest calls down the wrath of Beogh upon you.
Beogh smites you!
* * * LOW HITPOINT WARNING * * *
A shower of butterflies erupts from you!
You are too injured to fight recklessly!
You take 13 damage, and have 11/36 hp.
MASSIVE DAMAGE!!
An orc priest is nearby!
You scratch the orc priest.
You kick the orc priest, but do no damage.
The orc priest is heavily wounded.
An orc priest comes into view. It is wielding a +0 dagger.
The orc priest mumbles some strange prayers to Beogh against you.
Beogh smites you!
You die...
Xom cackles wildly!

█.█ █.█ █. █.█ ██∆██ █. █.█
██...██ █████. █.███ ██.....██
█..... █.█.██ ██.......██ █.....
███████....████.b.......████...██
.....÷.......o∆.........▲.......█
.██████......██)o...b...████.....
.█ ███.██.███@......██ █..... .█
████.█ ██)b...██ ██..██ .█ █.█
██...██ █.<██ .█ █.█ ██∆██ █...█
.█ █.█ █.█████████.█.█ .█ █.█
█........██.█.█ ██ █.█
██.██████.██.█.█ ...
██.......█.██....
█...............█


You could see 2 orc priests.

Vanquished Creatures
  Jessica (D:2)
  4 adders
  An ooze (D:2)
  3 dart slugs
  A worm (D:2)
  2 leopard geckos
  5 orcs (D:3)
  6 bats
  7 giant cockroaches
  3 goblins (D:1)
  8 hobgoblins
  2 jackals (D:1)
  5 ball pythons
  7 frilled lizards
  4 kobolds
  7 rats
66 creatures vanquished.

Notes
Turn   | Place    | Note
-------+----------+-------------------------------------------
     0 | D:1      | Goblin1989 the Demonspawn Chaos Knight began the quest for
                  | the Orb.
     0 | D:1      | Reached XP level 1. HP: 18/18 MP: 1/1
    49 | D:1      | Reached skill level 3 in Axes
    56 | D:1      | XOM: potion effect (might)
   100 | D:1      | XOM: potion effect (experience)
   100 | D:1      | Reached skill level 7 in Axes
   100 | D:1      | Gained mutation: You have sharp fingernails. [demonic
                  | ancestry]
   100 | D:1      | Reached XP level 2. HP: 24/24 MP: 2/2
   128 | D:1      | XOM: harmless Chrm miscast
   223 | D:1      | Gained mutation: You have very sharp fingernails. [demonic
                  | ancestry]
   223 | D:1      | Reached XP level 3. HP: 29/29 MP: 3/3
   486 | D:1      | XOM: scenery: 1 doors open
   565 | D:1      | XOM: divination: detect items
   825 | D:2      | Reached skill level 1 in Unarmed Combat
   859 | D:2      | Reached XP level 4. HP: 34/35 MP: 4/4
  1217 | D:2      | Noticed Jessica
  1228 | D:2      | Killed Jessica
  1325 | D:2      | Identified Qodyrefo's Incunabulum of Mutagenic Companions
                  | {god gift} (Xom gifted it to you on level 2 of the Dungeon)
  1325 | D:2      | XOM: god gift: Qodyrefo's Incunabulum of Mutagenic
                  | Companions {god gift}
  1385 | D:2      | XOM: scenery: create altars
  1386 | D:2      | XOM: scenery: create altars
  1403 | D:2      | Noticed an ogre
  1404 | D:2      | XOM: give mutations
  1404 | D:2      | Gained mutation: You are frail. (-10% HP) [Xom's mischief]
  1404 | D:2      | Gained mutation: You are very frail. (-20% HP) [Xom's
                  | mischief]
  1625 | D:2      | XOM: potion effect (brilliance)
  1631 | D:2      | XOM: give mutations
  1631 | D:2      | Gained mutation: You are covered in fur. (AC +1) [Xom's
                  | grace]
  1631 | D:2      | Gained mutation: You have large cloven feet. [Xom's grace]
  1631 | D:2      | Lost mutation: You are very frail. (-20% HP) [Xom's grace]
  1634 | D:2      | XOM: swap monsters
  1784 | D:3      | Found a hide-covered altar of Uskayaw.
  1954 | D:3      | Found a glowing golden altar of the Shining One.
  2249 | D:3      | Gained mutation: Your flesh is cold resistant. (rC+)
                  | [demonic ancestry]
  2249 | D:3      | Reached XP level 5. HP: 36/36 MP: 5/5
  2336 | D:3      | Found a sacrificial altar of Ru.
  2579 | D:3      | XOM: 5-stop teleportation journey
  2764 | D:3      | XOM: butterfly on damage
  2765 | D:3      | Killed from afar by an orc priest

Levels and vault maps discovered:
D:1:      lightli_arrival_maybe_door_vault, layout_basic, serial_glass,
          glass_columns_a, glass_columns_a, minmay_strange_pillars
D:2:      layout_rooms, minmay_split_cup_small, uniq_jessica
D:3:      layout_loops_corners, tso_altar, nicolae_overflow_hidden_temple,
          nicolae_ru_path_of_blood

Skill      XL: |  1  2  3  4 |
---------------+-------------+-----
Axes           | 7 |  7.4
Unarmed Combat | 1 2 |  2.3
Fighting       | |  3.0
Armour         | |  1.7
Dodging        | |  0.8

Action                   |  1- 3 |  4- 6 || total
-------------------------+-------+-------++-------
Melee: Hand axe          |    21 |       ||    21
       Unarmed           |    85 |   100 ||   185
       Kick              |       |    13 ||    13
 Stab: Sleeping          |     1 |       ||     1
  Eat: Chunk             |       |     3 ||     3
       Ration            |       |     1 ||     1
Armor: Leather armour    |    32 |    29 ||    61
Dodge: Dodged            |    66 |    53 ||   119

Table legend:
 A = Non-vault XP
 B = Vault XP
 C = Vault XP percentage of total XP
 D = Non-vault monster count
 E = Vault monster count
 F = Vault count percentage of total count
                 A         B        C        D         E       F
            +---------+---------+-------+---------+---------+-------
      Total |     161 |      47 |  22.6 |      62 |       4 |   6.1
            +---------+---------+-------+---------+---------+-------
        D:1 |      51 |       0 |   0.0 |      28 |       0 |   0.0
        D:2 |      58 |      47 |  44.8 |      20 |       4 |  16.7
        D:3 |      52 |       0 |   0.0 |      14 |       0 |   0.0
            +---------+---------+-------+---------+---------+-------

Levels and vault maps discovered:
D:1:      lightli_arrival_maybe_door_vault, layout_basic, serial_glass,
          glass_columns_a, glass_columns_a, minmay_strange_pillars
D:2:      layout_rooms, minmay_split_cup_small, uniq_jessica
D:3:      layout_loops_corners, tso_altar, nicolae_overflow_hidden_temple,
          nicolae_ru_path_of_blood
